 Dungeon Crawl Stone Soup version 0.24.0-37-gcf1ca852f1 (webtiles) character file.

Game seed: 4577559411640666187, levelgen mode: deterministic

3232 Curus the Carver (level 9, 0/111 HPs)
             Began as a Minotaur Fighter on Nov 21, 2019.
             Was a Believer of Makhleb.
             Slain by a spiny frog (1 damage)
             ... on level 8 of the Dungeon.
             The game lasted 00:29:46 (5142 turns).

Curus the Carver (Minotaur Fighter)                 Turns: 5142, Time: 00:29:47

Health: 0/111      AC: 24    Str: 21    XL:     9   Next: 66%
Magic:  9/9        EV:  2    Int:  8    God:    Makhleb [**....]
Gold:   389        SH: 12    Dex: 16    Spells: 8/8 levels left

rFire    + . .     SeeInvis .   a - +1 long sword
rCold    . . .     Gourm    .   c - +2 shield
rNeg     + + +     Faith    .   (armour currently unavailable)
rPois    +         Spirit   .   (helmet currently unavailable)
rElec    .         Reflect  .   (cloak currently unavailable)
rCorr    .         Harm     .   (gloves currently unavailable)
MR       .....     NoTele   +   (boots currently unavailable)
Stlth    +.........             k - amulet of magic regeneration
HPRegen  0.28/turn              u - +6 ring of dexterity
MPRegen  0.36/turn              x - ring of protection from fire

@: lethally poisoned (0 -> -13), tree-form
A: (retaliatory headbutt), wild magic 1
a: Minor Destruction, Renounce Religion


You were on level 8 of the Dungeon.
You worshipped Makhleb.
Makhleb was pleased with you.
You were not hungry.
You were a tree.
You visited 2 branches of the dungeon, and saw 9 of its levels.

You collected 389 gold pieces.

Inventory:

Hand Weapons
 a - a +1 long sword (weapon)
Armour
 b - a +0 scale mail
 c - a +2 shield (worn)
 h - a scarf of cloud immunity (melded)
 q - a +0 chain mail (melded)
Jewellery
 g - an uncursed ring of wizardry
 k - an amulet of magic regeneration (around neck)
 n - a +1 ring of evasion
 u - a +6 ring of dexterity (left branch)
 x - a ring of protection from fire (right branch)
Wands
 e - a wand of flame (10)
 t - a wand of enslavement (9)
 w - a wand of paralysis (12)
 y - a wand of polymorph (5)
 C - a wand of clouds (4)
Scrolls
 i - 6 scrolls of identify
 j - 3 scrolls of remove curse
 l - a scroll of fog
 s - 2 scrolls of teleportation
Potions
 d - a potion of might
 o - a potion of berserk rage
 p - a potion of heal wounds
 r - 2 potions of agility
 v - 2 potions of brilliance
 z - a potion of magic
 A - 3 potions of flight
Comestibles
 f - 15 rations
 B - 2 chunks of flesh


   Skills:
 - Level 5.6 Fighting
 - Level 14.0 Long Blades
 - Level 5.6 Armour
 + Level 4.8 Shields
 + Level 2.2 Invocations


You had 8 spell levels left.
You didn't know any spells.
Your spell library was empty.

Dungeon Overview and Level Annotations

Branches:
Dungeon (8/15)             Temple (0/1) D:5            Lair (1/6) D:8

Altars:
Cheibriados
Dithmenos
Fedhas
Kikubaaqudgha
Makhleb
Okawaru
Qazlal
Uskayaw
Vehumet
Wu Jian
Xom

Annotations:
D:4 exclusion: oklob plant
D:6 3 runed translucent doors, kmx's ghost, novice CeNe
D:8 2 transporters, Emblim88's ghost, novice DsMo


Innate Abilities, Weirdness & Mutations

((You reflexively headbutt those who attack you in melee.))
((You have a pair of horns on your head.))
((You are partially covered in slimy green scales. (AC +2)))
Your spells are a little harder to cast, but a little more powerful.


Message History

You feel sick. You block the spiny frog's attack.
The spiny frog stings you but does no damage.
You hit the spiny frog.
The spiny frog is heavily wounded.
* * * LOW HITPOINT WARNING * * *
You feel sick.
The spiny frog stings you but does no damage.
The spiny frog stings you.
* * * LOW HITPOINT WARNING * * *
You barely miss the spiny frog.
The spiny frog is heavily wounded.
* * * LOW HITPOINT WARNING * * *
You feel sick. You block the spiny frog's attack. x2
You slash the spiny frog!
The spiny frog is severely wounded.
* * * LOW HITPOINT WARNING * * *
You feel sick. The spiny frog stings you.
* * * LOW HITPOINT WARNING * * *
The spiny frog stings you.
You die...

# #........#
######....###.#####.
'..>................ .
###..#.............. ..
# #..#....##..##.## ...
# #..#....##...#.# ..# #
#..#....##...#.##...#.
###..#....##...FF.......
..........#....#♣###.#.
###.......#....#†#
...............#.#
###...#####....... #
......... # ######.....
# ...©. .©##.#### #.#
.#.#..#.##. #..##...#
..#


You could see 2 spiny frogs.

Vanquished Creatures
  A spiny frog (D:8)
  Prince Ribbit (D:6)
  A wyvern (D:8)
  Edmund (D:4)
  4 ice beasts
  A phantom (D:7)
  3 ogres (D:7)
  2 centaurs
  A crocodile (D:6)
  7 bullfrogs
  A water moccasin skeleton (D:5)
  A scorpion (D:5)
  A crimson imp (D:8)
  4 hounds
  5 jellies
  4 orc priests
  An iguana (D:7)
  7 worker ants
  5 orc wizards
  3 hound skeletons
  A worker ant zombie (D:6)
  5 adders
  A shadow imp (D:6)
  5 oozes (D:8)
  3 worms
  3 dart slugs
  6 leopard geckos
  20 orcs
  7 bats
  5 giant cockroaches
  9 goblins
  6 hobgoblins
  10 jackals
  7 kobolds
  5 frilled lizards
  A jackal skeleton (D:4)
  2 jackal zombies
  A quokka skeleton (D:6)
  10 rats
161 creatures vanquished.

Vanquished Creatures (others)
  A jelly (D:5)
  A worker ant (D:5)
2 creatures vanquished.

Grand Total: 163 creatures vanquished

Notes
Turn   | Place    | Note
-------+----------+-------------------------------------------
     0 | D:1      | Curus the Minotaur Fighter began the quest for the Orb.
     0 | D:1      | Reached XP level 1. HP: 19/19 MP: 0/0
    17 | D:1      | Reached skill level 3 in Long Blades
    25 | D:1      | Reached XP level 2. HP: 24/26 MP: 1/1
    59 | D:1      | Reached skill level 4 in Long Blades
   185 | D:1      | Reached XP level 3. HP: 30/31 MP: 2/2
   555 | D:2      | Found a faded altar of an unknown god.
   569 | D:2      | Reached skill level 5 in Long Blades
   618 | D:2      | Reached XP level 4. HP: 30/39 MP: 3/3
   865 | D:2      | Reached skill level 6 in Long Blades
  1180 | D:3      | Reached XP level 5. HP: 36/45 MP: 4/4
  1573 | D:3      | Reached skill level 7 in Long Blades
  1612 | D:3      | Found a hide-covered altar of Uskayaw.
  1617 | D:3      | Found a burning altar of Makhleb.
  1618 | D:3      | Found an ancient bone altar of Kikubaaqudgha.
  1618 | D:3      | Found a shimmering altar of Xom.
  1620 | D:3      | Became a worshipper of Makhleb the Destroyer
  1622 | D:3      | Found an ornate altar of the Wu Jian Council.
  1623 | D:3      | Found a radiant altar of Vehumet.
  1624 | D:3      | Found a blossoming altar of Fedhas.
  1625 | D:3      | Found a snail-covered altar of Cheibriados.
  1626 | D:3      | Found a stormy altar of Qazlal.
  1810 | D:4      | Found a blossoming altar of Fedhas.
  1821 | D:4      | Noticed an oklob plant
  2125 | D:4      | Noticed Edmund
  2139 | D:4      | Killed Edmund
  2139 | D:4      | Reached skill level 8 in Long Blades
  2139 | D:4      | Reached XP level 6. HP: 19/51 MP: 5/5
  2543 | D:5      | Entered Level 5 of the Dungeon
  2573 | D:5      | Noticed an ice beast
  2586 | D:5      | Killed an ice beast
  2586 | D:5      | Reached skill level 9 in Long Blades
  2696 | D:5      | Reached XP level 7. HP: 56/57 MP: 6/6
  3026 | D:5      | Reached skill level 10 in Long Blades
  3063 | D:5      | Found a staircase to the Ecumenical Temple.
  3296 | D:6      | Noticed Prince Ribbit
  3310 | D:6      | Killed Prince Ribbit
  3615 | D:6      | Reached skill level 11 in Long Blades
  3621 | D:6      | Reached * piety under Makhleb
  3642 | D:6      | Reached XP level 8. HP: 45/64 MP: 7/7
  3982 | D:6      | Found a runed translucent gate.
  3990 | D:6      | Found a runed translucent gate.
  3990 | D:6      | Found a runed translucent gate.
  3990 | D:6      | Noticed kmx's ghost (novice CeNe)
  4161 | D:6      | Gained mutation: You do not regenerate when monsters are
                  | visible. [potion of mutation]
  4161 | D:6      | Lost mutation: You do not regenerate when monsters are
                  | visible. [potion of mutation]
  4161 | D:6      | Gained mutation: You are partially covered in slimy green
                  | scales. (AC +2) [potion of mutation]
  4161 | D:6      | Gained mutation: Your spells are a little harder to cast,
                  | but a little more powerful. [potion of mutation]
  4228 | D:6      | Reached skill level 12 in Long Blades
  4503 | D:7      | Reached skill level 13 in Long Blades
  4544 | D:7      | Reached XP level 9. HP: 63/70 MP: 8/8
  4661 | D:7      | Reached skill level 14 in Long Blades
  4689 | D:7      | Found an iron altar of Okawaru.
  4743 | D:7      | Found a shadowy altar of Dithmenos.
  4894 | D:8      | Reached ** piety under Makhleb
  4944 | D:8      | Reached skill level 5 in Fighting
  4944 | D:8      | Reached skill level 5 in Armour
  5007 | D:8      | Found a transporter.
  5007 | D:8      | Noticed Emblim88's ghost (novice DsMo)
  5007 | D:8      | Identified the +2 great mace of Parts Unknown {flame, rC++}
  5007 | D:8      | Noticed a two-headed ogre
  5008 | D:8      | Found a transporter.
  5093 | D:8      | Found a staircase to the Lair.
  5102 | Lair:1   | Entered Level 1 of the Lair of Beasts
  5119 | Lair:1   | Noticed a spiny frog
  5119 | Lair:1   | Noticed a spiny frog
  5120 | Lair:1   | Noticed a komodo dragon
  5123 | Lair:1   | Noticed a spiny frog
  5138 | D:8      | Killed a spiny frog
  5142 | D:8      | HP: 1/111 [spiny frog (6)]
  5142 | D:8      | Slain by a spiny frog

Levels and vault maps discovered:
D:1:      dpeg_arrival_simpleton_c, layout_rooms, minivault_27,
          serial_bayou_lagoon_a, serial_bayou_ford_a
D:2:      layout_loops_ring, chequers_ecumenical_altar_simple_redux
D:3:      layout_loops_ring, minitemple, corexii_leaking_fountain,
          minmay_close_crescents
D:4:      minmay_wonky_spiral, layout_loops_ring, tgw_fedhas, uniq_edmund
D:5:      layout_loops_cross, minmay_temple_entry_poolview, first_ration,
          lemuel_flamethrower_2
D:6:      layout_loops_ring, gammafunk_ghost_split, minivault_24,
          uniq_prince_ribbit1
D:7:      layout_rooms, kennysheep_mini_moat, grunt_dithmenos_shadows
D:8:      layout_basic, lemuel_coloured_pillars_altar, lair_entry_dummy,
          gammafunk_ghost_smash, hangedman_little_slice_of_home, uniq_grum
Lair:1:   layout_hall_layers, lemuel_fruit_fields, infiniplex_staircase_pool_2,
          lemuel_fruit_fields

Skill      XL: |  1  2  3  4  5  6  7  8  9 |
---------------+----------------------------+-----
Long Blades    | 3 4 5 6 8 9 11 13 14 | 14.0
Fighting       | 5 |  5.6
Armour         | 5 |  5.6
Shields        | 4 |  4.8
Invocations    | 2 |  2.2

Action                   |  1- 3 |  4- 6 |  7- 9 || total
-------------------------+-------+-------+-------++-------
Melee: Long sword        |   101 |   143 |   259 ||   503
       Headbutt          |     5 |    23 |    76 ||   104
Evoke: Wand              |       |     1 |     1 ||     2
  Use: Scroll            |     4 |     5 |     1 ||    10
       Potion            |     2 |     9 |     3 ||    14
  Eat: Chunk             |       |     4 |     7 ||    11
       Ration            |       |     1 |       ||     1
Armor: Scale mail        |    52 |    35 |       ||    87
       Chain mail        |       |     5 |    68 ||    73
       Skin              |       |       |     6 ||     6
Dodge: Dodged            |    35 |    24 |    35 ||    94
Block: Shield            |    55 |    64 |   140 ||   259
       Rpst.: Long sword |    10 |     3 |    14 ||    27
